 Seeded DCSS version 0.28-a0-1038-g9c4cb8273d (webtiles) character file.

Game seed: 20211204 (custom seed)

24801 a11behringer the Spear-Bearer (level 12, -6/103 HPs)
             Began as a Demigod Fighter on Dec 8, 2021.
             Hit by a silver javelin thrown by a minotaur (25 damage)
             ... in a Gauntlet.
             The game lasted 00:48:12 (14797 turns).

a11behringer the Spear-Bearer (Demigod Fighter)    Turns: 14797, Time: 00:48:15

Health: -6/103     AC: 20    Str: 33    XL:     12   Next: 49%
Magic:  15/15      EV: 12    Int: 10    God:
Gold:   219        SH: 10    Dex: 11    Spells: 11/11 levels left

rFire   . . .      SeeInvis +   O - +7 spear (freeze)
rCold   . . .      Faith    .   c - +0 buckler
rNeg    + + .      Spirit   .   j - +0 pearl dragon scales
rPois   .          Reflect  +   B - +0 helmet
rElec   .          Harm     .   (no cloak)
rCorr   .          Rampage  .   M - +2 pair of gloves
Will    ++...      NoTele   +   (no boots)
Stlth   ..........              A - amulet of Autumn {Reflect Will+ SH+5}
HPRegen 0.27/turn               K - ring of positive energy
MPRegen 0.14/turn               W - ring of see invisible

@: studying Air Magic
A: high mp 1, forlorn, divine attributes, iridescent scales 1, clumsy 1, passive
freeze
a: no special abilities


You were in a Gauntlet.
You visited 2 branches of the dungeon, and saw 14 of its levels.
You also visited: Sewer and Gauntlet.

You collected 730 gold pieces.
You spent 511 gold pieces at shops.

Inventory:

Hand Weapons
 a - a +0 spectral trident
 O - a +7 spear of freezing (weapon)
 R - a +7 spear
 T - the +4 shortbow "Ginur" {freeze, rElec rC- Will+ SInv}
   (You found it on level 10 of the Dungeon)

   Any ammunition fired from it freezes those it strikes, dealing additional
   cold damage.
   It can also slow down cold-blooded creatures.
   rC:        It makes you vulnerable to cold.
   rElec:     It insulates you from electricity.
   SInv:      It lets you see invisible.
   Will:      It increases your willpower.
 Y - the +8 whip "Snakebite" {venom, curare, rPois}
   (You found it on level 1 of the Lair of Beasts)

   It poisons the flesh of those it strikes.
   It occasionally inflicts asphyxiating poison on those it strikes, dealing
   poison damage and causing slowness.
   rPois:     It protects you from poison.
Missiles
 e - a throwing net
 n - 4 boomerangs (quivered)
 o - 127 arrows
Armour
 c - a +0 buckler (worn)
 j - +0 pearl dragon scales (worn)
 B - a +0 helmet (worn)
 M - a +2 pair of gloves (worn)
 P - +0 steam dragon scales
 U - a +0 kite shield of positive energy
Magical Staves
 N - a staff of earth
Jewellery
 b - an amulet of regeneration
 k - the macabre finger necklace {rN+}
   (You found it in a Gauntlet)

   [amulet of nothing]

   It enables you to equip an extra ring.
   rN:        It protects you from negative energy.
 m - an amulet of magic regeneration
 A - the amulet of Autumn (around neck) {Reflect Will+ SH+5}
   (You bought it in a shop on level 2 of the Dungeon)

   [amulet of reflection]

   It reflects blocked missile attacks.
   SH:        It affects your SH (+5).
   Will:      It increases your willpower.
 C - a ring of wizardry
 E - an amulet of guardian spirit
 K - a ring of positive energy (left hand)
 W - a ring of see invisible (right hand)
Wands
 s - a wand of flame (6)
 V - a wand of charming (5)
Scrolls
 g - a scroll of silence
 h - 5 scrolls of fog
 l - 5 scrolls of teleportation
 p - 4 scrolls of fear
 r - a scroll of blinking
 x - a scroll of magic mapping
 L - a scroll of holy word
 S - 2 scrolls of summoning
 X - a scroll of identify
Potions
 d - 4 potions of flight
 f - 2 potions of lignification
 i - 5 potions of attraction
 u - a potion of magic {unknown}
 z - 3 potions of curing
 F - 6 potions of brilliance
 J - 3 potions of mutation
 Z - 2 potions of resistance {unknown}


   Skills:
 + Level 8.4 Fighting
 * Level 13.9 Polearms
 + Level 8.6 Armour
 + Level 4.6 Dodging
 - Level 0.2 Stealth
 + Level 7.8 Shields
 + Level 2.9 Evocations


You had 11 spell levels left.
You didn't know any spells.
Your spell library contained the following spells:

 Spells                   Type           Power      Damage    Failure   Level
 Shock                    Conj/Air       0%         1d3       58%         1
 Blink                    Tloc           0%         N/A       75%         2
 Stone Arrow              Conj/Erth      0%         3d7       92%         3
 Swiftness                Air            0%         N/A       92%         3
 Airstrike                Air            0%         N/A       100%        4
 Animate Armour           Summ/Erth      0%         N/A       100%        4
 Leda's Liquefaction      Hex/Erth       0%         N/A       100%        4
 Lee's Rapid Deconstruct  Erth           0%         3d5*      100%        5
 Manifold Assault         Tloc           0%         N/A       100%        5
 Statue Form              Tmut/Erth      0%         N/A       100%        6
 Storm Form               Tmut/Air       0%         N/A       100%        7
 Lehudib's Crystal Spear  Conj/Erth      0%         10d2      100%        8


Dungeon Overview and Level Annotations

Branches:
Dungeon (12/15)            Temple (0/1) D:4            Lair (2/6) D:9
    Orc (0/2) D:11          Sewer (visited)         Gauntlet (1/1)
  Swamp: Lair:2-4    Shoals: Lair:2-4     Snake: Lair:2-4    Spider: Lair:2-4

Shops:
D:1 !   D:2 =   D:3 *   D:7 ?

Annotations:
D:7 2 transporters, spiderkeys's ghost, novice DDAK
D:11 Josephine Gauntlet 6 transporters, 14 runed translucent doors, exclusion: oklob plant


Innate Abilities, Weirdness & Mutations

You have an increased reservoir of magic. (+10% MP)
You shall have no god before yourself.
Your divine heritage dramatically boosts your attributes as you level up.
You are partially covered in iridescent scales. (AC +2)
You are clumsy. (Dex -2)
A frigid envelope surrounds you and freezes all who hurt you.


Message History

You puncture the minotaur!
The minotaur is heavily wounded.
The minotaur hits you with the +8 trident "Zeujen" {holy, rPois rN+}!!
* * * LOW HITPOINT WARNING * * *
The minotaur resists.
The minotaur is very cold.
The minotaur is severely wounded.
The minotaur gores you but does no damage.
The minotaur resists.
The minotaur is very cold.
The minotaur is severely wounded.
You feel much better. You block the minotaur's attack.
The minotaur gores you but does no damage.
The minotaur resists.
The minotaur is very cold.
The minotaur is severely wounded.
Okay, then.
You hit the minotaur but do no damage.
The minotaur is severely wounded.
The minotaur blocks your attack.
The minotaur is severely wounded.
You block the minotaur's attack. The minotaur closely misses you.
The minotaur blocks your attack.
The minotaur is severely wounded.
The minotaur blocks your attack.
The minotaur is severely wounded.
The minotaur hits you with the +8 trident "Zeujen" {holy, rPois rN+}!!
* * * LOW HITPOINT WARNING * * *
The minotaur resists.
The minotaur is very cold.
The minotaur is severely wounded.
The minotaur closely misses you.
You hit the minotaur but do no damage.
The minotaur is severely wounded.
Unknown command.
Unknown command.
Unknown command.
Unknown command.
Blink to where?
Press: ? - help, Q - select action, (/) - cycle Dir - move target
As you read the scroll of blinking, it crumbles to dust.
The minotaur throws a silver javelin.
The silver javelin pierces through you!!
You die...

#####..#)#.#
#≈8≈#..#(.##
#######...#..#§.#.
#....##.8.#..#..##
#.##.##...#..#.#.#
#.##....8.#..#.##.
#######.##.##...#..#....
#≈≈≈#.#....##...#..#####
#≈≈.#.#@##.##.©.#≈......
#≈∩H§.'.##......#∩......
#≈≈.#.#.##.##.©.#≈......
#≈≈≈#.#....##...#..#####
#######.##.##...#..#b.b.
#.##....8.#..#h.##
#.##.##...#..#.#..
#....##.8§#..#[#..
######.§.#..#©.##


You could see a minotaur.

Vanquished Creatures
  A boulder beetle (D:9)
  2 two-headed ogres
  A centaur warrior (D:9)
  A tengu warrior (Gauntlet)
  A thrashing horror (Gauntlet)
  A manticore (D:11)
  A black mamba (Lair:1)
  A gargoyle (D:12)
  3 centaur zombies
  An unseen horror (D:11)
  3 kobold demonologists (D:10)
  3 cane toads (Lair:2)
  Maggie (D:8)
  A komodo dragon (D:11)
  2 tengu conjurers (Gauntlet)
  2 trolls (D:11)
  Prince Ribbit (D:5)
  A queen bee (Gauntlet)
  Grinder (D:4)
  A slime creature (D:10)
  6 dream sheep (Lair:2)
  Sigmund (D:5)
  2 wraiths
  A wyvern (D:9)
  33 yaks
  2 basilisks (D:9)
  Menkaure (D:7)
  13 water moccasins
  3 orc warriors
  2 sky beasts
  A black bear (D:6)
  A necrophage (D:6)
  32 wolves (Lair:2)
  A centaur (D:9)
  2 phantoms
  3 bullfrogs
  4 kobold brigands
  A gnoll sergeant (D:10)
  A scorpion (D:6)
  8 killer bees
  3 small abominations (Gauntlet)
  30 wights
  2 howler monkeys
  A crimson imp (D:5)
  A bullfrog zombie (D:7)
  4 hounds
  2 jellies
  3 orc priests (D:8)
  2 bullfrog skeletons
  9 orc wizards
  2 gnoll shamans
  2 iguanas
  A killer bee zombie (D:5)
  3 hound skeletons (D:4)
  A howler monkey zombie (D:9)
  17 gnolls
  11 adders
  A river rat (D:4)
  4 white imps
  An ufetubus (D:4)
  5 worms
  4 dart slugs
  30 orcs
  15 endoplasms
  6 giant cockroaches
  7 goblins
  7 hobgoblins
  18 jackals
  7 quokkas
  4 ball pythons
  10 bats
  5 frilled lizards
  12 kobolds
  2 rats (D:1)
379 creatures vanquished.

Vanquished Creatures (others)
  19 fungi
  32 plants
51 creatures vanquished.

Grand Total: 430 creatures vanquished

Notes
Turn   | Place    | Note
-------+----------+-------------------------------------------
     0 | D:1      | a11behringer the Demigod Fighter began the quest for the
                  | Orb.
     0 | D:1      | Reached XP level 1. HP: 18/18 MP: 3/3
   221 | D:2      | Reached XP level 2. HP: 25/25 MP: 4/4
   452 | D:1      | Reached skill level 2 in Polearms
   600 | D:1      | Found Waups's Distillery.
   882 | D:1      | Reached XP level 3. HP: 29/31 MP: 5/5
  1633 | D:2      | Noticed a phantom
  1634 | D:2      | Found Joavi's Jewellery Emporium.
  1650 | D:2      | Killed a phantom
  1651 | D:2      | Reached skill level 3 in Polearms
  1651 | D:2      | Reached XP level 4. HP: 28/38 MP: 6/6
  2646 | D:3      | Reached XP level 5. HP: 42/45 MP: 7/7
  2750 | D:3      | Found Zin's Purification Station.
  2887 | D:3      | Reached skill level 4 in Polearms
  3720 | D:4      | Reached skill level 1 in Dodging
  3732 | D:4      | Found a glowing drain.
  3736 | Sewer    | Entered a sewer
  4036 | Sewer    | Gained mutation: You are clumsy. (Dex -2) [potion of
                  | mutation]
  4036 | Sewer    | Gained mutation: You are partially covered in iridescent
                  | scales. (AC +2) [potion of mutation]
  4036 | Sewer    | Gained mutation: A frigid envelope surrounds you and
                  | freezes all who hurt you. [potion of mutation]
  4723 | D:4      | Reached XP level 6. HP: 50/51 MP: 8/8
  4809 | D:4      | Reached skill level 5 in Polearms
  4856 | D:4      | Found a staircase to the Ecumenical Temple.
  4904 | D:4      | Noticed Grinder
  4912 | D:4      | Paralysed by Grinder for 7 turns
  4920 | D:4      | Killed Grinder
  4921 | D:4      | Reached XP level 7. HP: 34/59 MP: 9/9
  5430 | D:5      | Entered Level 5 of the Dungeon
  5840 | D:5      | Reached skill level 6 in Polearms
  6116 | D:5      | Noticed Sigmund
  6127 | D:5      | Noticed Prince Ribbit
  6147 | D:5      | Killed Sigmund
  6153 | D:5      | Killed Prince Ribbit
  6154 | D:5      | Reached skill level 7 in Polearms
  6154 | D:5      | Reached XP level 8. HP: 21/67 MP: 5/10
  7011 | D:6      | Reached skill level 8 in Polearms
  7545 | D:7      | Noticed Menkaure
  7553 | D:7      | Killed Menkaure
  7632 | D:7      | Reached skill level 9 in Polearms
  7682 | D:7      | Reached XP level 9. HP: 73/73 MP: 11/11
  7818 | D:7      | Found a transporter.
  7819 | D:7      | Noticed spiderkeys's ghost (novice DDAK)
  7820 | D:7      | Found a transporter.
  7821 | D:7      | Identified the +9 giant spiked club "Vafipeut" {vorpal,
                  | Drain rN+ rCorr Stlth+}
  7876 | D:7      | Reached skill level 5 in Fighting
  8029 | D:7      | Found Nyuv's Magic Scroll Boutique.
  8649 | D:8      | Noticed Maggie
  8659 | D:8      | Killed Maggie
  8660 | D:8      | Reached skill level 5 in Armour
  8749 | D:8      | Reached skill level 5 in Shields
  8938 | D:8      | Reached skill level 10 in Polearms
  8938 | D:8      | Noticed a two-headed ogre
  8952 | D:8      | Killed a two-headed ogre
  9863 | D:9      | Noticed a centaur warrior
  9877 | D:9      | Killed a centaur warrior
  9878 | D:9      | Reached skill level 11 in Polearms
  9878 | D:9      | Reached XP level 10. HP: 37/82 MP: 7/13
 10164 | D:9      | Noticed a boulder beetle
 10207 | D:9      | Killed a boulder beetle
 10745 | D:9      | Found a staircase to the Lair.
 10809 | D:9      | Reached skill level 12 in Polearms
 11206 | D:10     | Entered Level 10 of the Dungeon
 11229 | D:10     | Reached XP level 11. HP: 91/91 MP: 11/14
 11779 | D:10     | Identified the +4 shortbow "Ginur" {freeze, rElec rC- Will+
                  | SInv}
 11887 | D:10     | Reached skill level 1 in Evocations
 12321 | D:11     | Noticed a two-headed ogre
 12337 | D:11     | Killed a two-headed ogre
 12579 | D:11     | Reached skill level 13 in Polearms
 12580 | D:11     | Noticed Josephine
 12971 | D:2      | Bought the amulet of Autumn {Reflect Will+ SH+5} for 511
                  | gold pieces
 13140 | Lair:1   | Entered Level 1 of the Lair of Beasts
 13459 | Lair:1   | Found the +8 whip "Snakebite" {venom, curare, rPois}
 13849 | Lair:1   | You fall into a shaft and drop 1 floor!
 13864 | Lair:2   | Reached XP level 12. HP: 88/101 MP: 15/15
 14169 | Lair:2   | Found a gate leading to a gauntlet.
 14178 | Gauntlet | Entered a Gauntlet
 14178 | Gauntlet | Found a transporter.
 14178 | Gauntlet | Found a transporter.
 14342 | Gauntlet | Found a transporter.
 14342 | Gauntlet | Found a transporter.
 14345 | Gauntlet | Found a transporter.
 14347 | Gauntlet | Found a large runed translucent door.
 14348 | Gauntlet | Found a large runed translucent door.
 14349 | Gauntlet | Found a large runed translucent door.
 14349 | Gauntlet | Found a large runed translucent door.
 14349 | Gauntlet | Found a runed translucent door.
 14349 | Gauntlet | Found a runed translucent door.
 14350 | Gauntlet | Found a large runed translucent door.
 14350 | Gauntlet | Found a large runed translucent door.
 14350 | Gauntlet | Found a large runed translucent door.
 14350 | Gauntlet | Found a large runed translucent door.
 14351 | Gauntlet | Found a large runed translucent door.
 14351 | Gauntlet | Found a large runed translucent door.
 14351 | Gauntlet | Found a large runed translucent door.
 14352 | Gauntlet | Found a large runed translucent door.
 14352 | Gauntlet | Found a large runed translucent door.
 14353 | Gauntlet | Found a runed translucent gate.
 14353 | Gauntlet | Found a runed translucent gate.
 14353 | Gauntlet | Found a runed translucent gate.
 14354 | Gauntlet | Found a transporter.
 14359 | Gauntlet | Found a transporter.
 14359 | Gauntlet | Found a transporter.
 14363 | Gauntlet | Found a transporter.
 14366 | Gauntlet | Found a transporter.
 14376 | Gauntlet | Found a transporter.
 14376 | Gauntlet | Found the macabre finger necklace {rN+}
 14382 | Gauntlet | Found a transporter.
 14470 | Gauntlet | Found a large runed translucent door.
 14473 | Gauntlet | Found a large runed translucent door.
 14473 | Gauntlet | Found a large runed translucent door.
 14775 | Gauntlet | Identified the +8 trident "Zeujen" {holy, rPois rN+}
 14775 | Gauntlet | Noticed a minotaur
 14797 | Gauntlet | Hit by a silver javelin thrown by a minotaur

Illustrated notes

Levels and vault maps discovered:
D:1:      dpeg_arrival_prison, layout_basic,
          hellmonk_ecumenical_altar_heavens_door, serial_shops, shop,
          minmay_split_cup_large
D:2:      layout_basic, serial_shops, nicolae_shop_advertising_works
          [nicolae_subvault_shop_adworks]
D:3:      layout_basic, zin_purify
D:4:      layout_basic, minmay_temple_entry_stoned_glass, gup_sewer_entry_bowl,
          uniq_grinder
D:5:      layout_basic, makhleb_grotto_becter, uniq_sigmund, uniq_prince_ribbit1
D:6:      layout_cave_pools, minitemple, kennysheep_generic_room_11
D:7:      wander_river, layout_basic, lemuel_tele_altar, gammafunk_ghost_smash,
          serial_shops, shop, uniq_menkaure
D:8:      layout_cave_pods, serial_park, serial_park_paths
          [serial_park_minivault_5x5_2], serial_park_tiny_2, serial_park_tiny_1,
          serial_park_avenue1, uniq_maggie
D:9:      layout_rooms, minmay_lair_entry_grove, minmay_misc_feat_rows,
          nicolae_concentric_dashed_squares_mild
D:10:     layout_loops_corners, minmay_microvault
D:11:     layout_irregular_city, orc_0_dummy, uniq_sonja, uniq_josephine
D:12:     layout_roguey, serial_shops, nicolae_lakefront_shop
Lair:1:   minmay_guarded_unrand_snakebite, layout_hall_layers,
          lemuel_fruit_tree, grunt_megastairs_3, infiniplex_staircase_pool_2,
          uniq_fannar
Lair:2:   layout_loops_ring, gauntlet_entry_generic,
          grunt_forest_large_clearings, grunt_megastairs_4
Gauntlet: gammafunk_gauntlet_hard_choice [nicolae_gauntlet_arena_blocks,
          gammafunk_gauntlet_arena_hedges, gammafunk_gauntlet_arena_spirals,
          minmay_gauntlet_arena_make_your_own_arena,
          nicolae_gauntlet_arena_quarters, gammafunk_gauntlet_arena_corners,
          gauntlet_exit_watery]

Skill      XL: |  1  2  3  4  5  6  7  8  9 10 11 12 |
---------------+-------------------------------------+-----
Fighting       | 3 4 5 6 7 8 |  8.4
Polearms       | 2 3 4 5 7 9 11 12 13 | 13.9
Armour         | 3 4 5 6 8 |  8.6
Shields        | 3 4 5 6 7 |  7.8
Dodging        | 1 2 3 4 |  4.6
Evocations     | 2 |  2.9
Stealth        | |  0.2

Action                   |  1- 3 |  4- 6 |  7- 9 | 10-12 || total
-------------------------+-------+-------+-------+-------++-------
Melee: Trident           |   171 |   235 |   161 |       ||   567
       Spear             |       |       |   185 |   790 ||   975
  Use: Scroll            |       |     5 |     7 |    11 ||    23
       Potion            |       |     3 |     1 |     4 ||     8
 Stab: Distracted        |       |       |     1 |       ||     1
Armor: Scale mail        |    52 |       |       |       ||    52
       Pearl dragon scal |    14 |   133 |   111 |   215 ||   473
Dodge: Dodged            |    62 |    99 |    81 |   216 ||   458
Block: Buckler           |    38 |    45 |    45 |   167 ||   295

Table legend: (Time is in decaauts)
 A = Elapsed time spent in this place.
 B = Non-inter-level travel time spent in this place.
 C = Inter-level travel time spent in this place.
 D = Time resting spent in this place.
 E = Time spent auto-exploring this place.
 F = Levels seen in this place.
 G = Mean time per level.
                   A        B        C        D        E       F      G
               +--------+--------+--------+--------+--------+-----+--------+
         Total |  14524 |  13285 |   1239 |    836 |   9875 |  16 |  907.8 |
       Dungeon |  12136 |  10943 |   1193 |    444 |   8722 |  12 | 1011.3 |
          Lair |    908 |    863 |     45 |    282 |    342 |   2 |  454.0 |
         Sewer |    889 |    889 |      0 |     53 |    574 |   1 |  889.0 |
      Gauntlet |    589 |    589 |      0 |     57 |    237 |   1 |  589.0 |
               +--------+--------+--------+--------+--------+-----+--------+

Top non-repeatable levels by time:
     D:8: 1567 daAuts
     D:5: 1414 daAuts
     D:2: 1372 daAuts
     D:3: 1287 daAuts
     D:9: 1168 daAuts
     D:1: 1129 daAuts
     D:7: 1040 daAuts
    D:10: 1026 daAuts
     D:4: 1015 daAuts
   Sewer: 889 daAuts
  Lair:1: 654 daAuts
     D:6: 645 daAuts
Gauntlet: 589 daAuts
    D:11: 258 daAuts
  Lair:2: 254 daAuts
